 Dungeon Sprint DCSS version 0.28-a0-1613-gdaab1c2f9b (webtiles) character file.

Game seed: 15638148380250229138

9 jt the Sneak (level 2, -7/27 HPs)
             Began as a Troll Warper on Jan 21, 2022.
             Killed from afar by an oklob sapling (34 damage)
             ... with a splash of acid
             ... in the Dungeon (Sprint IV: "Fedhas' Mad Dash").
             The game lasted 00:00:10 (26 turns).

jt the Sneak (Troll Warper)                           Turns: 26, Time: 00:00:11

Health: -7/27      AC:  4    Str: 18    XL:     2   Next: 6%
Magic:  2/2        EV:  9    Int:  9    God:
Gold:   0          SH:  0    Dex:  9    Spells: 3/3 levels left

rFire   . . .      SeeInvis .     - Unarmed
rCold   . . .      Faith    .   (no shield)
rNeg    . . .      Spirit   .   a - +0 robe
rPois   .          Reflect  .   (helmet restricted)
rElec   .          Harm     .   (no cloak)
rCorr   .          Rampage  .   (gloves unavailable)
Will    .....      NoTele   +   (boots unavailable)
Stlth   ++........              (no amulet)
HPRegen 0.89/turn               (no ring)
MPRegen 0.08/turn               (no ring)

@: no status effects
A: large, unfitting armour, claws 3, regeneration 1, shaggy fur 1, tough skin 1
a: no special abilities


You were in the Dungeon.
You visited 1 branch

Inventory:

Missiles
 c - 5 boomerangs of dispersal (quivered)
Armour
 a - a +0 robe (worn)
Scrolls
 b - 2 scrolls of blinking
Potions
 d - a potion of curing
 e - a potion of heal wounds
 f - a potion of haste
 g - 2 potions of magic
 h - a potion of berserk rage


   Skills:
 - Level 1.5 Fighting
 - Level 0.8 Throwing
 - Level 1.9 Dodging
 + Level 2.4 Stealth
 - Level 2.0 Unarmed Combat
 - Level 1.2 Spellcasting
 - Level 2.1 Translocations


You had 3 spell levels left.
You didn't know any spells.
Your spell library contained the following spells:

 Spells                   Type           Power      Damage    Failure   Level
 Blink                    Tloc           8%         N/A       22%         2
 Gell's Gravitas          Tloc           4%         N/A       41%         3
 Lesser Beckoning         Tloc           4%         N/A       41%         3
 Teleport Other           Tloc           4%         N/A       41%         3
 Manifold Assault         Tloc           4%         N/A       99%         5


Dungeon Overview and Level Annotations

Branches:
Dungeon (1/1)

Altars:

Annotations:
D exclusion: oklob sapling


Innate Abilities, Weirdness & Mutations

You are too large for most types of armour.
You have claws for hands.
Your natural rate of healing is unusually fast.
You are covered in fur. (AC +1)
You have tough skin. (AC +1)


Message History

The river rat is lightly wounded.
The river rat barely misses you.
You closely miss the river rat.
The river rat is lightly wounded.
The river rat misses you.
You claw the river rat!
The river rat is almost dead.
The river rat barely misses you.
You barely miss the river rat.
The river rat is almost dead.
The river rat bites you but does no damage.
You scratch the river rat.
You kill the river rat!
Your Stealth skill gained 2 levels and is now at level 2!
You have reached level 2!
You see here a river rat corpse.
You see here a +0 ring mail.
You open the door.
Found 26 gold pieces.
An oklob sapling comes into view.
Found 8 gold pieces.
Marking area around an oklob sapling as unsafe for travelling.
There is an open door here.
Unknown command.
The helpless oklob sapling fails to defend itself.
You scratch the oklob sapling.
The oklob sapling is lightly damaged.
Unknown command.
You scratch the oklob sapling.
The oklob sapling is heavily damaged.
You scratch the oklob sapling.
The oklob sapling is heavily damaged.
You completely miss the oklob sapling.
The oklob sapling is heavily damaged.
You scratch the oklob sapling but do no damage.
The oklob sapling is heavily damaged.
The oklob sapling spits acid at you. The splash of acid hits you!!
Ouch! That really hurt!
You die...

##################
#<..P#.....#.$$$$#
#PP..††[...@.#
#PPPP#.....#P#
##############


You could see an oklob sapling.

Vanquished Creatures
  A river rat (D)
  A rat (D)
2 creatures vanquished.

Notes
Turn   | Place    | Note
-------+----------+-------------------------------------------
     0 | D        | jt the Troll Warper began the quest for the Orb.
     0 | D        | Reached XP level 1. HP: 19/19 MP: 1/1
    15 | D        | Reached XP level 2. HP: 26/27 MP: 2/2
    21 | D        | Noticed an oklob sapling
    26 | D        | Killed from afar by an oklob sapling

Illustrated notes

Levels and vault maps discovered:
D:        dungeon_sprint_fedhas [sprint_temple]

Skill      XL: |  1 |
---------------+----+-----
Stealth        | 2 |  2.4
Fighting       | |  1.5
Throwing       | |  0.8
Dodging        | |  1.9
Unarmed Combat | |  2.0
Spellcasting   | |  1.2
Translocations | |  2.1

Action                   || total
-------------------------++-------
Melee: Unarmed           ||    11
 Stab: Sleeping          ||     1
Armor: Robe              ||     1
Dodge: Dodged            ||     3

Table legend: (Time is in decaauts)
 A = Elapsed time spent in this place.
 B = Non-inter-level travel time spent in this place.
 C = Inter-level travel time spent in this place.
 D = Time resting spent in this place.
 E = Time spent auto-exploring this place.
 F = Levels seen in this place.
 G = Mean time per level.
                   A        B        C        D        E       F      G
               +--------+--------+--------+--------+--------+-----+--------+
         Total |     25 |     25 |      0 |      0 |      0 |   1 |   25.0 |
       Dungeon |     25 |     25 |      0 |      0 |      0 |   1 |   25.0 |
               +--------+--------+--------+--------+--------+-----+--------+

Top non-repeatable levels by time:
       D: 25 daAuts
